 Dungeon Crawl Stone Soup version 0.17.0-56-gd8de76c (webtiles) character file.

3479 HEYYEYAAE the Transmogrifier (level 9, -14/48 HPs)
             Began as a Spriggan Transmuter on Dec 6, 2015.
             Was a Believer of Okawaru.
             Killed from afar by plasmid's ghost (34 damage)
             ... with an orb of energy
             ... on level 8 of the Dungeon.
             The game lasted 00:16:36 (10163 turns).

HEYYEYAAE the Transmogrifier (Spriggan Transmuter) Turns: 10163, Time: 00:16:36

Health: -14/48     AC:  3    Str:  9    XL:     9   Next: 79%
Magic:  7/19       EV: 16    Int: 12    God:    Okawaru [**....]
Gold:   325        SH:  0    Dex: 16    Spells: 5 memorised, 6 levels left

rFire  . . .     SeeInvis +       - Unarmed
rCold  + + .     Clarity  .     b - +0 robe
rNeg   . . .     SustAt   .     (shield currently unavailable)
rPois  .         Gourm    .     (helmet restricted)
rElec  +         Spirit   .     w - +0 cloak
rCorr  .         Warding  .     (gloves unavailable)
rMut   .         Stasis   .     (boots unavailable)
MR     ++...                    (no amulet)
Stlth  +.........               (no ring)
                                C - ring "Dek Acwiedi" {rElec rC++ MR+ Int-3}

@: blade hands, very slightly contaminated, hasted, drained, very quick, very
resistant to hostile enchantments, very unstealthy
A: unfitting armour, horns 1, see invisible, herbivore 3, speed 3, slow
metabolism 2
a: End Transformation, Heroism, Renounce Religion


You were on level 8 of the Dungeon.
You worshipped Okawaru.
Okawaru was pleased with you.
You were not hungry.
You had blades for hands.
You visited 1 branch of the dungeon, and saw 8 of its levels.
You also visited: Sewer.

You collected 325 gold pieces.

Inventory:

Hand Weapons
 A - a +4 flail of protection (melded)
 H - a +0 trident of flaming
 I - a +2 quarterstaff of crushing
Missiles
 a - 34 arrows
Armour
 b - a +0 robe (worn)
 w - a +0 cloak (worn)
Jewellery
 y - an uncursed ring of ice
 C - the ring "Dek Acwiedi" (left scythe-like blade) {rElec rC++ MR+ Int-3}
   (You found it on level 6 of the Dungeon)

   [ring of protection from magic]

   It affects your intelligence (-3).
   It greatly protects you from cold.
   It insulates you from electricity.
   It affects your resistance to hostile enchantments.
Wands
 D - a wand of magic darts (38)
 E - a wand of draining (7)
 F - a wand of random effects (21)
Scrolls
 g - a scroll of brand weapon {unknown}
 h - 4 scrolls of remove curse {unknown}
 j - 5 scrolls of teleportation
 m - a scroll of blinking {unknown}
 o - 2 scrolls of fog
 p - 3 scrolls of fear
 q - 2 scrolls of enchant armour
 r - a scroll of magic mapping
 s - 5 scrolls of recharging {unknown}
 t - 2 scrolls of amnesia {unknown}
 x - a scroll of enchant weapon {unknown}
 J - 2 scrolls of vulnerability {unknown}
Potions
 e - 2 potions of magic
 f - a potion of mutation
 i - 2 potions of might
 l - a potion of flight
 n - a potion of agility
 v - a potion of curing
 B - a potion of brilliance {unknown}
Books
 c - a book of Changes

   Spells                             Type                      Level
   a - Beastly Appendage              Transmutation                1
   b - Sticks to Snakes               Transmutation                2
   c - Spider Form                    Transmutation/Poison         3
   d - Ice Form                       Ice/Transmutation            4
   e - Blade Hands                    Transmutation                5
 z - a book of Flames

   Spells                             Type                      Level
   a - Flame Tongue                   Conjuration/Fire             1
   b - Throw Flame                    Conjuration/Fire             2
   c - Conjure Flame                  Conjuration/Fire             3
   d - Inner Flame                    Hexes/Fire                   3
   e - Sticky Flame                   Conjuration/Fire             4
   f - Fireball                       Conjuration/Fire             5
 G - the Tome of Contamination
   (You found it on level 7 of the Dungeon)

   Spells                             Type                      Level
   a - Sting                          Conjuration/Poison           1
   b - Mephitic Cloud                 Conjuration/Poison/Air       3
   c - Alistair's Intoxication        Transmutation/Poison         4
Comestibles
 d - 5 bread rations


   Skills:
 * Level 6.0(4.9) Fighting
 - Level 2.9(1.9) Armour
 + Level 6.9(5.8) Dodging
 + Level 4.4(3.4) Unarmed Combat
 + Level 6.3(5.2) Spellcasting
 * Level 9.5(8.4) Transmutations
 * Level 1.9(0.9) Air Magic
 + Level 1.9(0.9) Invocations
 + Level 2.1(1.1) Evocations


You had 6 spell levels left.
You knew the following spells:

 Your Spells              Type           Power        Failure   Level  Hunger
a - Beastly Appendage     Trmt           ###...       14%         1    None
b - Sticks to Snakes      Trmt           ###.......   14%         2    ##.....
c - Spider Form           Trmt/Pois      ##........   50%         3    ###....
d - Blade Hands           Trmt           ###.......   63%         5    ######.
e - Mephitic Cloud        Conj/Pois/Air  #.......     90%         3    ###....


Dungeon Overview and Level Annotations

Branches:
Dungeon (8/15)             Temple (0/1) D:7            Lair (0/8) D:8

Altars:
Ashenzari
Elyvilon
Fedhas
Gozag
Kikubaaqudgha
Makhleb
Nemelex Xobeh
Okawaru
Qazlal
Sif Muna
Yredelemnul

Shops:
D:3 *

Annotations:
D:8 plasmid's ghost, novice DrCj


Innate Abilities, Weirdness & Mutations

You are tiny and cannot use many weapons and most armour.
You have supernaturally acute eyesight.
You are a herbivore.
You cover ground extremely quickly.
You need consume almost no food.
You have a pair of small horns on your head.


Message History

The mystic blast hits your ball python.
Your ball python dies!
You slice plasmid's ghost!!
Plasmid's ghost is moderately damaged.
Plasmid's ghost hits you.
Unknown command.
Drink which item? (? for menu, Esc to quit)
You feel much better.
Unknown command.
Unknown command.
You barely miss plasmid's ghost.
Plasmid's ghost is moderately damaged.
Plasmid's ghost breathes negative energy at you.
The bolt of negative energy hits you!
You feel drained.
Unknown command.
Your adder closely misses plasmid's ghost.
Plasmid's ghost casts a spell at you. The orb of energy hits you!
Ouch! That really hurt!
You die...

### #.. ... # #.#
.#. #.# ... #.#
..
#.#####.###.#.##
#......S@......#
#######W###.....#
#.# ...## #.##
.## #..# # ##.#
#.# #.# #.#


You could see plasmid's ghost and a friendly adder.

Vanquished Creatures
  The ghost of kosy22 the Ducker, an amateur TrFi of Vehumet (D:4)
  Grinder (D:5)
  Eustachio (D:5)
  Menkaure (D:7)
  Edmund (D:5)
  A water moccasin (D:7)
  A phantom (D:3)
  An orc warrior (D:7)
  2 sky beasts
  2 ogres
  A necrophage (D:7)
  3 giant frogs
  4 scorpions
  3 killer bees (D:7)
  5 crimson imps
  3 orc wizards
  A jelly (D:7)
  2 centaur skeletons
  An orc priest (D:7)
  5 worker ants
  4 hounds
  Natasha (thrice) (D:3)
  A hound zombie (D:6)
  A hound skeleton (D:7)
  2 worker ant zombies
  17 adders
  7 river rats (Sewer)
  A shadow imp (D:8)
  An ooze (Sewer)
  3 worms
  An adder skeleton (D:4)
  3 giant geckos
  13 orcs
  9 ball pythons
  2 bat zombies (D:2)
  4 giant cockroaches
  4 goblins
  11 hobgoblins
  5 kobolds
  3 bats (D:1)
  8 giant newts
  16 jackals
  A jackal zombie (D:5)
  A quokka (D:3)
  A quokka skeleton (D:6)
  21 rats
  A rat zombie (D:2)
184 creatures vanquished.

Vanquished Creatures (collateral kills)
  Pikel (D:6)
  Prince Ribbit (D:6)
  A slave (D:6)
  A killer bee (D:7)
  A worker ant (D:7)
  A hound skeleton (D:6)
  An adder (Sewer)
  A hobgoblin (D:1)
  4 ball pythons (Sewer)
  A giant newt (Sewer)
  7 rats (Sewer)
20 creatures vanquished.

Vanquished Creatures (others)
  A bat (D:2)
1 creature vanquished.

Grand Total: 205 creatures vanquished

Notes
Turn   | Place    | Note
--------------------------------------------------------------
     0 | D:1      | HEYYEYAAE the Spriggan Transmuter began the quest for the Orb.
     0 | D:1      | Reached XP level 1. HP: 9/9 MP: 5/5
   296 | D:1      | Reached XP level 2. HP: 12/14 MP: 6/6
   429 | D:1      | Reached skill level 1 in Fighting
   433 | D:1      | Learned a level 2 spell: Sticks to Snakes
  1274 | D:1      | Reached XP level 3. HP: 11/18 MP: 6/8
  1629 | D:2      | Learned a level 3 spell: Spider Form
  1899 | D:2      | Found a deep blue altar of Sif Muna.
  2191 | D:2      | Found an ancient bone altar of Kikubaaqudgha.
  2381 | D:3      | Found a basalt altar of Yredelemnul.
  2411 | D:3      | Noticed a phantom
  2447 | D:3      | Killed a phantom
  2447 | D:3      | Reached skill level 4 in Transmutations
  2447 | D:3      | Reached XP level 4. HP: 12/23 MP: 2/10
  2447 | D:3      | Reached XP level 5. HP: 13/26 MP: 2/11
  2703 | D:3      | Found a shattered altar of Ashenzari.
  2984 | D:3      | Found Gozag's Platinum Reserve.
  2984 | D:3      | Noticed Natasha
  3024 | D:3      | Found an opulent altar of Gozag.
  3045 | D:3      | Killed Natasha
  3151 | D:3      | Noticed Natasha
  3162 | D:3      | Killed Natasha
  3168 | D:3      | Noticed Natasha
  3172 | D:3      | Killed Natasha
  3647 | D:4      | Reached skill level 1 in Armour
  3721 | D:4      | Found a blossoming altar of Fedhas.
  3745 | D:4      | Reached skill level 5 in Transmutations
  3745 | D:4      | Reached XP level 6. HP: 16/32 MP: 9/12
  4185 | D:4      | Noticed kosy22's ghost (amateur TrFi)
  4218 | D:4      | Gained mutation: You have a pair of small horns on your head. [potion of beneficial mutation]
  4233 | D:5      | Entered Level 5 of the Dungeon
  4410 | D:5      | Found a glowing drain.
  4429 | Sewer    | Entered a sewer
  5406 | Sewer    | Reached XP level 7. HP: 25/36 MP: 6/14
  5425 | Sewer    | Reached skill level 6 in Transmutations
  5571 | D:5      | Learned a level 5 spell: Blade Hands
  5582 | D:5      | Noticed Eustachio
  5868 | D:5      | Killed Eustachio
  5978 | D:5      | Noticed Edmund
  5996 | D:5      | Killed Edmund
  6026 | D:5      | Noticed Grinder
  6134 | D:5      | Killed Grinder
  6134 | D:5      | Reached skill level 5 in Dodging
  6134 | D:5      | Reached skill level 7 in Transmutations
  6134 | D:5      | Reached XP level 8. HP: 42/42 MP: 2/16
  6315 | D:5      | Found a sparkling altar of Nemelex Xobeh.
  6407 | D:5      | Found a burning altar of Makhleb.
  6408 | D:5      | Found an iron altar of Okawaru.
  6546 | D:5      | Became a worshipper of Warmaster Okawaru
  6616 | D:4      | Killed kosy22's ghost
  6616 | D:4      | Reached skill level 5 in Spellcasting
  7077 | D:6      | Noticed Prince Ribbit
  7095 | D:6      | Killed Prince Ribbit
  7095 | D:6      | Reached * piety under Okawaru
  7345 | D:6      | Reached skill level 8 in Transmutations
  7467 | D:6      | Reached skill level 5 in Fighting
  7541 | D:6      | Got a flickering bronze ring
  7566 | D:6      | Identified the ring "Dek Acwiedi" {rElec rC++ MR+ Int-3} (You found it on level 6 of the Dungeon)
  7618 | D:6      | Reached XP level 9. HP: 47/47 MP: 18/18
  7652 | D:6      | Noticed Pikel
  7671 | D:6      | Killed Pikel
  7745 | D:6      | Got a twisted glaive
  7991 | D:7      | Reached ** piety under Okawaru
  8181 | D:7      | Found a staircase to the Ecumenical Temple.
  8394 | D:7      | Reached skill level 9 in Transmutations
  8418 | D:7      | Identified the Tome of Contamination
  8424 | D:7      | Learned a level 3 spell: Mephitic Cloud
  8501 | D:7      | Reached skill level 1 in Invocations
  8521 | D:7      | Found a white marble altar of Elyvilon.
  8588 | D:7      | Reached skill level 1 in Evocations
  8688 | D:7      | Reached skill level 1 in Air Magic
  9305 | D:7      | Found a stormy altar of Qazlal.
  9372 | D:7      | Noticed Menkaure
  9373 | D:7      | Found an ancient bone altar of Kikubaaqudgha.
  9533 | D:7      | Killed Menkaure
 10031 | D:8      | Noticed plasmid's ghost (novice DrCj)
 10118 | D:8      | Found a staircase to the Lair.
 10163 | D:8      | Killed from afar by plasmid's ghost

Action                   |  1- 3 |  4- 6 |  7- 9 || total
-------------------------+-------+-------+-------++-------
Melee: Unarmed           |   177 |   144 |   158 ||   479
       Mace              |       |    77 |    46 ||   123
       Flail             |       |       |   184 ||   184
 Cast: Beastly Appendage |    14 |       |       ||    14
       Sticks to Snakes  |     6 |     9 |    41 ||    56
       Spider Form       |     5 |    18 |    14 ||    37
       Blade Hands       |       |       |     7 ||     7
 Abil: End Transformatio |       |       |     1 ||     1
Evoke: Wand              |       |       |     3 ||     3
  Use: Potion            |     2 |     4 |     8 ||    14
       Scroll            |       |     6 |     5 ||    11
 Stab: Sleeping          |     2 |     1 |     6 ||     9
       Distracted        |       |     1 |       ||     1
  Eat: Bread ration      |       |     1 |     2 ||     3
       Pizza             |       |     1 |       ||     1
